Cogmind - Beta 13 @@@ ROGUE MODE // 2024.03.11 @ 23:37:08 Player: darki Result: Destroyed by H-71 Marshal with Heavy Mass Driver Performance ------------- Evolutions (6) 3000 Regions Visited (21) 4200 Robots Destroyed (231) 1155 Value Destroyed (10782) 10782 Prototype IDs (45) 900 Alien Tech Used (0) 0 Bonus (6821) 6821 TOTAL SCORE: 26858 Bonus ------- High Alert Combat Kills 2497 Follower Combat Kills 2330 Entered Garrisons 800 Used RIF Installer 2000 Aligned with FarCom 300 Friendly Fire -1106 Cogmind --------- Core Integrity 0/1150 Matter 189/300 Energy 100/100 System Corruption 7% Temperature Cool (1) Movement Flying (40) Location -4/Factory Parts ------- > --- POWER (2) -------- (None) > --- PROPULSION (4) --- Field Propulsion Array > --- UTILITY (9) ------ Advanced Heat Sink Advanced Target Analyzer Relay Coupler [Grunt] (31) Relay Coupler [Grunt] (30) Relay Coupler [Grunt] (16) Long-range Tractor Beam > --- WEAPON (4) ------- (None) > --- INVENTORY (5) ---- Improved Linear Gravjet Improved Kinecellerator Relay Coupler [Grunt] (24) Railgun Heavy Gauss Cannon Peak State ------------ > --- POWER ------------ Multi-Antimatter Reactor > --- PROPULSION ------- Hovering Antigrav-Heavy Exoskeleton > --- UTILITY ---------- Armored Scrap Engine Advanced Heat Sink Advanced Heat Sink Large Storage Unit Advanced Targeting Computer Advanced Target Analyzer Armor Integrity Analyzer Force Field > --- WEAPON ----------- Hyp. Accelerated Bore Construct/C KE Wave Construct/C Hpw. Kinetic Construct/G Accelerated Penetrator Construct/G > --- INVENTORY -------- Large Matter Pod Experimental Sensor Array Improved Kinecellerator Weapon Cycler Improved Thermal Shield Hardlight Generator Relay Coupler [Grunt] Relay Coupler [Grunt] Relay Coupler [Grunt] Relay Coupler [Grunt] Relay Coupler [Grunt] Relay Coupler [Specialist] Improved Proton Missile Launcher Precision Rocket Launcher Improved Remote Datajack [Rating: 120] Favorites ----------- Power Constructs Engine Cooled Ion Engine Power Core Nuclear Core Reactor Constructs Propulsion Constructs Treads Light Treads Leg Aluminum Leg Hover Unit Constructs Flight Unit Field Propulsion Array Utility Large Storage Unit Device Armored Scrap Engine Storage Large Storage Unit Processor Armor Integrity Analyzer Hackware Relay Coupler [Grunt] Protection Hardened Light Armor Plating Weapon Constructs Energy Gun Improved Medium Laser Energy Cannon Advanced Beam Cannon Ballistic Gun Constructs Ballistic Cannon Constructs Launcher Precision Rocket Launcher Special Weapon Improved Remote Datajack Build | -11 -10 -10 -9 -9 -9 -8 -8 -8 -8 -6 -6 -6 -5 -5 -5 -5 -4 -4 -4 -4 -4 ------- Run | Yrd Mat Min Mat Min Exi Min Mat Sto Rec Fac Gar Fac Fac Gar Fac Gar Fac Was Fac Gar Fac Slots Evolved 12 | . . . 2 . . . 2 . . 4 . . 2 . . . 2 . . . . Power 1 | . . . . . . . . . . 1 . . . . . . . . . . . Propulsion 2 | . . . . . . . . . . 2 . . . . . . . . . . . Utility 7 | . . . 1 . . . 2 . . 1 . . 2 . . . 1 . . . . Weapon 2 | . . . 1 . . . . . . . . . . . . . 1 . . . . Parts Attached 161 | . 6 2 12 . 3 2 29 20 4 15 3 18 5 11 . 6 1 . 5 8 11 Power 8 | . . . 1 . . . 4 2 . . 1 . . . . . . . . . . Engine 5 | . . . 1 . . . 1 2 . . 1 . . . . . . . . . . Core 3 | . . . . . . . 3 . . . . . . . . . . . . . . Reactor . | . . . . . . . . . . . . . . . . . . . . . . Propulsion 22 | . 2 . 3 . . 1 9 3 . . . . . . . . . . . 2 2 Treads 10 | . 2 . 2 . . . 2 3 . . . . . . . . . . . 1 . Leg 10 | . . . 1 . . 1 7 . . . . . . . . . . . . 1 . Wheel . | . . . . . . . . . . . . . . . . . . . . . . Hover 1 | . . . . . . . . . . . . . . . . . . . . . 1 Flight 1 | . . . . . . . . . . . . . . . . . . . . . 1 Utility 71 | . 3 . 3 . . . 6 4 1 7 1 15 5 8 . 6 1 . 3 2 6 Device 39 | . 1 . 2 . . . 3 2 1 6 1 3 3 5 . 5 . . 3 . 4 Storage 2 | . 2 . . . . . . . . . . . . . . . . . . . . Processor 8 | . . . 1 . . . . . . . . 3 2 . . 1 1 . . . . Hackware 15 | . . . . . . . . . . . . 9 . 3 . . . . . 1 2 Protection 7 | . . . . . . . 3 2 . 1 . . . . . . . . . 1 . Artifact . | . . . . . . . . . . . . . . . . . . . . . . Weapon 60 | . 1 2 5 . 3 1 10 11 3 8 1 3 . 3 . . . . 2 4 3 Energy Gun 14 | . . 2 2 . 2 1 2 4 . 1 . . . . . . . . . . . Energy Cannon 2 | . . . . . . . . 1 . . . . . . . . . . . . 1 Ballistic Gun 19 | . . . 3 . 1 . 3 3 2 3 . . . . . . . . . 3 1 Ballistic Cannon 6 | . . . . . . . 3 1 1 . . . . . . . . . . . 1 Launcher 12 | . . . . . . . 2 2 . 4 1 1 . . . . . . 2 . . Special Weapon 7 | . 1 . . . . . . . . . . 2 . 3 . . . . . 1 . Impact Weapon . | . . . . . . . . . . . . . . . . . . . . . . Slashing Weapon . | . . . . . . . . . . . . . . . . . . . . . . Piercing Weapon . | . . . . . . . . . . . . . . . . . . . . . . Special Melee Weapon . | . . . . . . . . . . . . . . . . . . . . . . Unidentified Prototypes 11 | . . . 2 . . . 2 5 . 1 . 1 . . . . . . . . . Parts Lost 61 | . . . 3 . . 2 8 3 . 4 5 4 3 3 . 1 . . 11 13 1 Power 9 | . . . 1 . . . 1 . . 1 2 1 . 1 . . . . 2 . . Propulsion 10 | . . . 1 . . 1 3 . . . 1 . . . . . . . . 4 . Utility 22 | . . . . . . . 2 2 . 3 . 3 1 1 . 1 . . 3 5 1 Weapon 20 | . . . 1 . . 1 2 1 . . 2 . 2 1 . . . . 6 4 . Highest Loss Streak 8 | . . . 3 . . 2 7 1 . 3 3 1 2 1 . 1 . . 6 8 1 To Critical Strikes 1 | . . . . . . . . . . . . . . . . . . . . 1 . Average Slot Usage (%) 74 | . 95 100 94 100 68 88 93 99 76 67 71 69 63 68 70 69 65 71 58 39 38 Engine 6 | . 14 14 11 11 11 11 3 4 9 10 11 11 1 . . . . . . . . Core 2 | . . . . . . . 5 4 . 1 . . 3 4 5 5 5 1 2 . . Treads 5 | . 23 28 20 22 22 11 1 11 6 3 . . . 1 . 1 . 4 3 3 . Leg 4 | . 4 . 1 . . . 15 6 4 1 6 6 5 2 5 2 5 . . . . Device 16 | . 9 14 11 11 11 11 20 17 18 19 26 17 14 16 17 19 21 21 10 4 7 Storage 7 | . 14 14 11 11 11 11 9 9 9 6 6 6 5 5 5 5 5 5 5 3 . Processor 7 | . . . 8 11 11 11 4 . . . . 4 15 17 17 14 12 15 15 13 8 Protection 2 | . . . . . . . 5 18 9 5 . . . . . . . . . . . Energy Gun 5 | . 5 14 7 11 . 32 11 7 2 . 5 . . 1 5 5 . . . . . Energy Cannon 2 | . . . . . . . . 4 . . 2 5 6 3 . . 5 3 . . . Ballistic Gun 5 | . 14 7 23 22 1 . 9 6 11 10 4 3 . 1 5 5 . 2 4 2 2 Ballistic Cannon 4 | . . . . . . . 6 8 6 3 . 2 5 6 5 3 10 12 11 . 2 Launcher 1 | . . . . . . . . . . 1 5 4 . . . . . . . . . Naked Turns . | . . . . . . . . . . . . . . . . . . . . . . Heaviest Build 71 | 12 27 28 46 35 35 35 52 56 48 59 61 67 53 68 68 71 62 71 71 26 23 Greatest Support 146 | 20 40 40 40 40 40 20 40 40 42 84 84 56 52 108 108 140 81 146 146 146 46 Greatest Overweight (x) 11 | . . . 1 . . 2 2 2 11 1 1 1 1 1 . . . 1 . . . Average Overweight (x) . | . . . . . . 1 1 1 . . . . . . . . . . . . . Largest Inventory Capacity 15 | . 15 15 15 15 15 15 15 15 15 15 15 15 15 15 15 15 15 15 15 15 5 Average Capacity 14 | . 10 15 15 15 15 15 15 15 15 15 15 15 15 15 15 15 15 15 15 12 5 Most Carried 15 | . 13 14 15 15 15 12 15 15 15 15 15 15 10 15 15 15 15 15 15 15 5 Average Carried 12 | . 8 13 14 15 14 11 13 14 9 14 14 11 9 14 15 14 15 15 14 9 4 Final Capacity 15 | 8 15 15 15 15 15 15 15 15 15 15 15 15 15 15 15 15 15 15 15 5 5 Final Carried 15 | 6 13 14 15 15 12 12 14 15 15 15 15 6 10 15 15 15 15 15 11 5 5 Scrap Engine Consumption 357 | . . . . . . . . . 33 35 32 49 25 71 4 57 . 28 19 4 . Constructs Created 14 | . . . . . . . . . 2 3 2 . 2 3 . . . 1 . 1 . Constructs Modified 132 | . . . . . . . . . 4 12 14 24 6 22 . 29 . 8 12 1 . Class Distribution -------------------- 29% | Construct 16% | Bothacker-Construct 11% | Mutant 10% | Commander-Construct 6% | Scavenger-Tank 6% | Skirmisher 5% | Commander-Skirmisher 4% | Gunner 3% | Scavenger-Skirmisher Dominant Class ---------------- Mutant | -10/Materials Mutant | -10/Mines Gunner | -9/Materials Gunner | -9/Mines Mutant | -9/Exiles Skirmisher | -8/Mines Scavenger-Skirmisher | -8/Materials Scavenger-Tank | -8/Storage Commander-Skirmisher | -8/Recycling Construct | -6/Factory Construct | -6/Garrison Construct | -6/Factory Construct | -5/Factory Construct | -5/Garrison Bothacker-Construct | -5/Factory Bothacker-Construct | -5/Garrison Bothacker-Construct | -4/Factory Bothacker-Construct | -4/Waste Bothacker-Construct | -4/Factory Bothacker-Mutant | -4/Garrison Mutant | -4/Factory Resources | -11 -10 -10 -9 -9 -9 -8 -8 -8 -8 -6 -6 -6 -5 -5 -5 -5 -4 -4 -4 -4 -4 ----------- Run | Yrd Mat Min Mat Min Exi Min Mat Sto Rec Fac Gar Fac Fac Gar Fac Gar Fac Was Fac Gar Fac Matter Collected 5733 | 200 . 80 387 161 100 132 587 571 170 632 470 278 204 578 . 497 . 100 265 321 . Remotely 934 | . . . 387 161 . 132 254 . . . . . . . . . . . . . . Salvage Created 10818 | . . 73 456 . . 100 767 886 483 843 581 736 229 1658 . 1545 . 833 1448 180 . Parts 457 | . . 2 35 . . 2 35 44 25 36 19 34 11 61 . 61 . 14 71 7 . Haulers Intercepted 8 | . . . 2 . . . 1 4 . 1 . . . . . . . . . . . Recyclers Shooed 4 | . . . . . . . . . . 4 . . . . . . . . . . . Parts Field Recycled . | . . . . . . . . . . . . . . . . . . . . . . Retrieved Matter . | . . . . . . . . . . . . . . . . . . . . . . Parts Self-Destructed . | . . . . . . . . . . . . . . . . . . . . . . Prevented . | . . . . . . . . . . . . . . . . . . . . . . Kills | -11 -10 -10 -9 -9 -9 -8 -8 -8 -8 -6 -6 -6 -5 -5 -5 -5 -4 -4 -4 -4 -4 ------- Run | Yrd Mat Min Mat Min Exi Min Mat Sto Rec Fac Gar Fac Fac Gar Fac Gar Fac Was Fac Gar Fac Combat Hostiles Destroyed 175 | . . 2 12 . . 2 16 15 5 18 18 10 4 25 . 25 . 3 15 5 . Guns 78 | . . 2 12 . . 1 10 2 3 10 9 1 . 2 . 21 . . . 5 . Cannons 57 | . . . . . . . 6 8 2 2 1 6 3 20 . 3 . 3 3 . . AOE 32 | . . . . . . . . 5 . 6 7 2 . . . . . . 12 . . Classes Destroyed 19 | . . 1 5 . . 1 3 1 1 2 . . . 1 . 1 . 1 2 . . Worker 10 | . . . . . . . 1 1 . 1 . 3 . . . . . . 4 . . Builder 16 | . . . . . . . . . 1 . . 2 . . . . . . 13 . . Hauler 8 | . . . 2 . . . 1 4 . 1 . . . . . . . . . . . Recycler 10 | . . . . . . . . 1 4 2 . 1 . . . . . . 2 . . Mechanic 1 | . . . . . . . . . . . . . . . . . . . 1 . . Operator 2 | . . . . . . . . . . 1 . 1 . . . . . . . . . Watcher 5 | . . . 1 . . . . 1 . 1 . 1 . . . . . . 1 . . Swarmer 36 | . . . 7 . . . . . 1 9 8 . . 3 . 4 . . . 4 . Cutter 1 | . . . . . . . . . . . . . . . . 1 . . . . . Grunt 69 | . . 2 3 . . . 10 9 . 5 8 6 2 14 . 8 . . 2 . . Brawler 4 | . . . 1 . . . . . 1 . . 1 . . . . . . . 1 . Duelist 1 | . . . 1 . . . . . . . . . . . . . . . . . . Sentry 35 | . . . . . . . 3 5 3 2 4 1 . 4 . 9 . . 4 . . Specialist 3 | . . . . . . . 2 . . . . . . . . . . . 1 . . Hunter 16 | . . . . . . 2 1 1 . 1 . . . 1 . 3 . . 7 . . Programmer 8 | . . . . . . . . . . 1 . 2 2 2 . 1 . . . . . Heavy 1 | . . . . . . . . . . . . . . . . . . . 1 . . Behemoth 1 | . . . . . . . . . . . . . . 1 . . . . . . . Compactor 3 | . . . . . . . . . . . . . . . . . . 3 . . . Butcher 1 | . . . . . . . . . . . . . . 1 . . . . . . . Best Kill Streak 24 | . . 2 5 . . 1 3 6 4 6 4 5 2 3 . 4 . 3 24 5 . Combat Bots Only 12 | . . 2 5 . . 1 3 5 2 5 4 5 2 3 . 4 . 3 12 5 . Max Kills in Single Turn 10 | . . 1 1 . . 1 1 4 2 2 4 3 1 2 . 1 . 1 10 1 . Gunslinging . | . . . . . . . . . . . . . . . . . . . . . . Exploded 6 | . . . . . . . . 3 . 2 4 1 . . . . . . 6 . . Melee . | . . . . . . . . . . . . . . . . . . . . . . Uniques/NPCs Destroyed . | . . . . . . . . . . . . . . . . . . . . . . Combat | -11 -10 -10 -9 -9 -9 -8 -8 -8 -8 -6 -6 -6 -5 -5 -5 -5 -4 -4 -4 -4 -4 -------- Run | Yrd Mat Min Mat Min Exi Min Mat Sto Rec Fac Gar Fac Fac Gar Fac Gar Fac Was Fac Gar Fac Hostile Shots Fired 1727 | . . 13 54 . . 22 104 45 4 265 168 118 37 205 . 194 . . 285 208 5 Missed 510 | . . 2 15 . . 6 21 13 2 75 69 30 11 69 . 49 . . 85 62 1 Damage Taken 19021 | . . 119 548 . . 234 1216 536 22 2000 1304 995 634 2075 . 1937 . . 3780 3328 293 Core 2692 | . . . 73 . . 27 231 28 7 238 186 77 34 245 . 362 . . 335 596 253 Absorbed by Shields 2240 | . . . . . . . . . . 512 58 75 79 445 . 1048 . . 23 . . Redirected to Shielding 32 | . . . . . . . . . . 32 . . . . . . . . . . . Ignored by Resistances 204 | . . . . . . . . . . . 4 40 . . . . . . 160 . . Regen/Repaired (Parts) 5463 | . . . . . . . . . 15 407 489 369 524 1350 . 1406 . 199 313 391 . Core Remaining (%) 67 | 100 . 100 . . . 75 . . 51 . . 41 . . . 35 . . . . . Volleys Fired 562 | . 10 9 33 . . 8 50 33 11 51 41 29 20 107 . 81 . 10 23 46 . Largest 4 | . 1 2 3 . . 3 3 3 3 3 3 3 2 3 . 3 . 4 4 3 . Hottest 224 | . 20 100 96 . . 168 168 174 92 131 131 137 97 204 . 185 . 224 224 93 . Shots Fired 1373 | . 10 18 99 2 1 24 148 95 33 124 84 58 24 236 . 242 . 31 74 70 . Gun 799 | . . 18 99 2 1 24 111 42 22 89 65 24 . 24 . 197 . . 22 59 . Cannon 508 | . . . . . . . 36 49 11 29 6 26 24 207 . 45 . 31 44 . . Launcher 37 | . . . . . . . 1 4 . 6 13 5 . . . . . . 8 . . Special 29 | . 10 . . . . . . . . . . 3 . 5 . . . . . 11 . Kinetic 917 | . . . 94 2 1 2 99 66 33 118 32 16 20 152 . 137 . 20 66 59 . Thermal 354 | . 10 18 5 . . 22 48 17 . . 29 17 4 79 . 104 . 1 . . . Explosive 33 | . . . . . . . 1 4 . 6 13 5 . . . . . . 4 . . Electromagnetic 50 | . . . . . . . . 8 . . 10 17 . . . 1 . 10 4 . . Robot Hit Streak 29 | . . 3 7 . . 10 14 9 15 21 21 18 11 16 . 19 . 18 29 10 . Robot Miss Streak 7 | . . 2 3 1 . 3 2 3 1 6 7 4 2 4 . 4 . 2 4 2 . Penetration Max 2 | . . . . . . . . . . . . 1 . . . 1 . . 2 1 . Secondary Targets 2 | . . . . . . . . . . . 1 . . . . 1 . . . . . Max Gunslinging Chain 1 | . . . . . . . . . . . 1 . . . . 1 . . . . . Shots Hit Robots 879 | . . 9 52 . . 16 105 54 25 79 62 41 24 145 . 142 . 24 53 48 . Core Hits 545 | . . 3 19 . . 4 36 38 13 75 91 45 9 54 . 57 . 9 76 16 . Critical Kills 11 | . . . . . . . . . . . 1 . 1 3 . 2 . 2 1 1 . Critical Parts Destroyed 9 | . . . . . . . . . . . 2 1 . . . . . 1 2 3 . Critical Strikes 32 | . . . 2 . . 1 4 2 1 . 3 2 1 3 . 3 . 3 3 4 . Burn 6 | . . . 2 . . 1 3 . . . . . . . . . . . . . . Meltdown 5 | . . . . . . . . . . . . . 1 3 . 1 . . . . . Destroy 15 | . . . . . . . . . . . 3 1 . . . 1 . 3 3 4 . Blast 5 | . . . . . . . 1 2 1 . . . . . . 1 . . . . . Corrupt 1 | . . . . . . . . . . . . 1 . . . . . . . . . Melee Attacks . | . . . . . . . . . . . . . . . . . . . . . . Impact . | . . . . . . . . . . . . . . . . . . . . . . Slashing . | . . . . . . . . . . . . . . . . . . . . . . Piercing . | . . . . . . . . . . . . . . . . . . . . . . Sneak Attacks . | . . . . . . . . . . . . . . . . . . . . . . Combat Hostiles . | . . . . . . . . . . . . . . . . . . . . . . Follow-up Attacks . | . . . . . . . . . . . . . . . . . . . . . . Damage Inflicted 26650 | . . 112 805 . . 261 1852 1666 499 2862 3035 1719 491 3666 . 3652 . 621 4661 748 . Guns 10642 | . . 112 805 . . 261 1296 435 296 1108 1053 396 . 366 . 3275 . . 526 713 . Cannons 8515 | . . . . . . . 556 648 203 523 96 417 491 3300 . 377 . 621 1283 . . Explosions 7453 | . . . . . . . . 583 . 1231 1881 906 . . . . . . 2852 . . Melee . | . . . . . . . . . . . . . . . . . . . . . . Ramming 40 | . . . . . . . . . . . 5 . . . . . . . . 35 . Kinetic 13110 | . . . 781 . . 24 1198 761 499 1631 488 236 392 2290 . 1724 . 564 1809 713 . Thermal 6047 | . . 112 24 . . 237 654 231 . . 623 466 99 1376 . 1928 . 17 280 . . Explosive 6161 | . . . . . . . . 534 . 1231 1763 784 . . . . . . 1849 . . Electromagnetic 1292 | . . . . . . . . 140 . . 156 233 . . . . . 40 723 . . Impact . | . . . . . . . . . . . . . . . . . . . . . . Slashing . | . . . . . . . . . . . . . . . . . . . . . . Piercing . | . . . . . . . . . . . . . . . . . . . . . . Highest Corruption 10 | . . . 10 10 10 10 . . . 2 2 3 5 7 7 9 . . 1 7 7 Average Corruption 5 | . . . 9 10 10 10 . . . 1 2 2 4 6 7 8 . . 1 4 7 Corruption Purged . | . . . . . . . . . . . . . . . . . . . . . . Corruption Blocked . | . . . . . . . . . . . . . . . . . . . . . . Effects 307 | . . . 5 19 13 40 . . . 9 24 31 16 66 2 55 . . . 20 7 Message Errors 65 | . . . . 4 2 10 . . . 1 3 5 5 13 . 15 . . . 5 2 Matter Fused 70 | . . . . 7 2 9 . . . 1 3 5 5 19 . 11 . . . 7 1 Heat Flow Errors 37 | . . . 1 2 2 4 . . . 2 2 6 1 7 . 7 . . . . 3 Energy Discharges 46 | . . . 2 1 2 8 . . . 2 6 2 2 8 1 6 . . . 5 1 Parts Rejected 1 | . . . . . . . . . . . . . . . . 1 . . . . . Parts Fused 2 | . . . . 1 . . . . . . . 1 . . . . . . . . . Data Loss (minor) 41 | . . . 1 . 3 3 . . . 1 4 6 2 9 1 9 . . . 2 . Data Loss (major) 20 | . . . . 1 1 2 . . . 1 3 3 1 4 . 4 . . . . . Misfires 8 | . . . . 2 1 2 . . . . 2 1 . . . . . . . . . Alerts 8 | . . . 1 1 . . . . . 1 1 . . 2 . 2 . . . . . Weapon Failures 9 | . . . . . . 2 . . . . . 2 . 4 . . . . . 1 . Overload Shots 2 | . . . . . . . . . . . . . . 2 . . . . . . . Overflow Damage 303 | . . . . . . . 10 89 4 28 19 21 . 53 . . . . 79 . . Projectiles 122 | . . . . . . . 10 . 4 . . . . 53 . . . . 55 . . Explosions 181 | . . . . . . . . 89 . 28 19 21 . . . . . . 24 . . Melee . | . . . . . . . . . . . . . . . . . . . . . . Knockbacks 38 | . . . . . . . 4 1 . 2 . . 4 17 . 3 . . 7 . . Impact . | . . . . . . . . . . . . . . . . . . . . . . Kinetic 36 | . . . . . . . 4 1 . 2 . . 4 16 . 3 . . 6 . . Secondary 2 | . . . . . . . . . . . . . . 1 . . . . 1 . . Self-Inflicted Damage 740 | . . . . . . . . 43 . 274 184 73 . . . . . . 148 18 . Shots 22 | . . . . . . . . 1 . 6 6 3 . . . . . . 6 . . Rammed 18 | . . . . . . . . . . . . . . . . . . . . 18 . Targets Rammed 19 | . . . . . . . . . . . 1 . . . . . . . . 18 . Kicked 1 | . . . . . . . . . . . 1 . . . . . . . . . . Crushed . | . . . . . . . . . . . . . . . . . . . . . . Highest Temperature 572 | . . 84 199 203 170 373 572 167 36 356 247 199 231 175 . 546 . . 236 12 153 Average Temperature 84 | . . 39 61 106 88 121 222 38 15 50 54 48 86 39 . 114 . . 84 5 78 Received Heat Transfer 3329 | . . 66 24 . . . 630 180 9 460 242 176 43 584 . 250 . . 527 138 . Effects 11 | . . . . . . . 6 . . . . . . . . 5 . . . . . Shutdowns 2 | . . . . . . . 1 . . . . . . . . 1 . . . . . Energy Bleed 1 | . . . . . . . . . . . . . . . . 1 . . . . . Matter Decay 2 | . . . . . . . . . . . . . . . . 2 . . . . . Short Circuit 1 | . . . . . . . 1 . . . . . . . . . . . . . . Damage (major) 4 | . . . . . . . 4 . . . . . . . . . . . . . . Damage (core) 1 | . . . . . . . . . . . . . . . . 1 . . . . . Siege Activations . | . . . . . . . . . . . . . . . . . . . . . . Robots Corrupted . | . . . . . . . . . . . . . . . . . . . . . . Combat Hostiles . | . . . . . . . . . . . . . . . . . . . . . . Parts Fried . | . . . . . . . . . . . . . . . . . . . . . . Impact Corruptions . | . . . . . . . . . . . . . . . . . . . . . . Robots Melted 8 | . . . . . . 1 . . . . 1 1 1 3 . 1 . . . . . Combat Hostiles 8 | . . . . . . 1 . . . . 1 1 1 3 . 1 . . . . . Parts Melted 42 | . . 3 . . . 2 4 2 . . 2 3 2 12 . 12 . . . . . Heat Transferred 10894 | . . 333 222 . . 592 1628 433 . . 1578 1148 . 2359 . 2214 . 37 350 . . Parts Sabotaged 2 | . . . . . . . . . . . . 2 . . . . . . . . . Parts Stolen . | . . . . . . . . . . . . . . . . . . . . . . Parts Stripped . | . . . . . . . . . . . . . . . . . . . . . . Power Chain Reactions 5 | . . . . . . . . 1 . . 1 1 . . . . . . 2 . . Alert | -11 -10 -10 -9 -9 -9 -8 -8 -8 -8 -6 -6 -6 -5 -5 -5 -5 -4 -4 -4 -4 -4 ------- Run | Yrd Mat Min Mat Min Exi Min Mat Sto Rec Fac Gar Fac Fac Gar Fac Gar Fac Was Fac Gar Fac Peak Influence 1819 | . 5 40 306 55 . 30 188 313 121 362 1616 905 400 1817 953 1819 954 349 1011 883 469 Initial 954 | . . . 15 55 . . 11 53 121 142 253 848 370 140 953 667 954 333 104 697 424 Average 531 | . 3 15 103 47 . 11 83 126 58 195 1071 776 285 862 953 1334 954 250 583 745 428 Maximum Alert Level 5 | . . . 1 . . . . 1 . 1 5 3 2 5 3 5 3 1 3 3 2 Low Security (%) 40 | . 100 100 91 100 . 100 100 81 100 57 . . . 8 . . . 42 9 . . Level 1 12 | . . . 8 . . . . 18 . 42 6 . 92 14 . . . 57 12 . . Level 2 9 | . . . . . . . . . . . 17 18 7 18 . 3 . . 46 11 100 Level 3 21 | . . . . . . . . . . . 12 81 . 28 100 27 100 . 31 88 . Level 4 10 | . . . . . . . . . . . 54 . . 14 . 36 . . . . . Level 5 5 | . . . . . . . . . . . 8 . . 15 . 32 . . . . . High Security . | . . . . . . . . . . . . . . . . . . . . . . Max Security . | . . . . . . . . . . . . . . . . . . . . . . Squads Dispatched 39 | . . . 1 . . . 5 3 . 9 . 8 1 . . . . . 10 . 2 Investigation 3 | . . . . . . . 2 . . 1 . . . . . . . . . . . Extermination 9 | . . . . . . . . . . 2 . 4 1 . . . . . 1 . 1 Reinforcement 16 | . . . 1 . . . 3 2 . 2 . 2 . . . . . . 5 . 1 Assault 1 | . . . . . . . . . . . . 1 . . . . . . . . . Garrison 10 | . . . . . . . . 1 . 4 . 1 . . . . . . 4 . . Intercept . | . . . . . . . . . . . . . . . . . . . . . . Searches Triggered . | . . . . . . . . . . . . . . . . . . . . . . Construction Impeded 5 | . . . . . . . . 1 . 1 . 1 . . . . . . 2 . . Haulers Reinforced 1 | . . . . . . . . . . 1 . . . . . . . . . . . Active Scanning Responses . | . . . . . . . . . . . . . . . . . . . . . . Cargo Convoy Interrupts . | . . . . . . . . . . . . . . . . . . . . . . Stealth | -11 -10 -10 -9 -9 -9 -8 -8 -8 -8 -6 -6 -6 -5 -5 -5 -5 -4 -4 -4 -4 -4 --------- Run | Yrd Mat Min Mat Min Exi Min Mat Sto Rec Fac Gar Fac Fac Gar Fac Gar Fac Was Fac Gar Fac Distress Signals 9 | . . . 2 . . . . 1 . . . . . . . . . . 6 . . Communications Jammed . | . . . . . . . . . . . . . . . . . . . . . . Distress Signals . | . . . . . . . . . . . . . . . . . . . . . . Times Spotted 305 | . 1 2 17 . . 2 19 19 7 24 32 29 5 39 . 38 . 5 45 17 4 Peak Tracking Total 19 | . 3 1 5 . . 1 3 5 2 6 7 6 3 8 . 6 . 3 19 8 5 Tactical Retreats 19 | . . . . . . . . 1 . . . . . 6 . 6 . 1 3 2 . Traps | -11 -10 -10 -9 -9 -9 -8 -8 -8 -8 -6 -6 -6 -5 -5 -5 -5 -4 -4 -4 -4 -4 ------- Run | Yrd Mat Min Mat Min Exi Min Mat Sto Rec Fac Gar Fac Fac Gar Fac Gar Fac Was Fac Gar Fac Traps Triggered 31 | . . . 1 . . . 1 . . . 8 3 . 9 . 7 1 . 1 . . Indirectly . | . . . . . . . . . . . . . . . . . . . . . . Trap Hack Attempts . | . . . . . . . . . . . . . . . . . . . . . . Triggered . | . . . . . . . . . . . . . . . . . . . . . . Disarmed . | . . . . . . . . . . . . . . . . . . . . . . Reprogrammed . | . . . . . . . . . . . . . . . . . . . . . . Reused . | . . . . . . . . . . . . . . . . . . . . . . Traps Extracted . | . . . . . . . . . . . . . . . . . . . . . . Installed . | . . . . . . . . . . . . . . . . . . . . . . Triggered . | . . . . . . . . . . . . . . . . . . . . . . Machines | -11 -10 -10 -9 -9 -9 -8 -8 -8 -8 -6 -6 -6 -5 -5 -5 -5 -4 -4 -4 -4 -4 ---------- Run | Yrd Mat Min Mat Min Exi Min Mat Sto Rec Fac Gar Fac Fac Gar Fac Gar Fac Was Fac Gar Fac Machines Disabled 29 | . . . . . . . 2 3 . 3 3 4 . 9 . 3 . . 1 1 . Max in Single Turn 4 | . . . . . . . 1 1 . 2 1 4 . 1 . 1 . . . 1 . Garrison Access 1 | . . . . . . . . 1 . . . . . . . . . . . . . Garrison Relay 9 | . . . . . . . . . . . 1 . . 4 . 3 . . . 1 . Machines Repaired . | . . . . . . . . . . . . . . . . . . . . . . Machines Dismantled 1 | . 1 . . . . . . . . . . . . . . . . . . . . Machines Sabotaged . | . . . . . . . . . . . . . . . . . . . . . . Overloaded Fab Kills . | . . . . . . . . . . . . . . . . . . . . . . Hacking | -11 -10 -10 -9 -9 -9 -8 -8 -8 -8 -6 -6 -6 -5 -5 -5 -5 -4 -4 -4 -4 -4 --------- Run | Yrd Mat Min Mat Min Exi Min Mat Sto Rec Fac Gar Fac Fac Gar Fac Gar Fac Was Fac Gar Fac Machines Accessed 43 | . 1 1 2 1 1 . 1 5 6 5 1 7 1 4 1 2 . . 1 1 2 Terminals 30 | . 1 . 1 1 . . 1 4 4 3 1 6 . 4 . 2 . . . 1 1 Fabricators 1 | . . . . . . . . . . . . 1 . . . . . . . . . Repair Stations . | . . . . . . . . . . . . . . . . . . . . . . Recycling Units 4 | . . . 1 . . . . . 2 . . . . . . . . . . . 1 Scanalyzers . | . . . . . . . . . . . . . . . . . . . . . . Garrison Access 6 | . . . . . . . . 1 . 2 . . 1 . 1 . . . 1 . . Total Hacks 108 | . 2 1 3 3 1 . 3 12 17 10 2 31 1 9 1 4 . . 1 3 4 Successful 54 | . 1 1 2 1 1 . 1 5 9 3 1 19 1 3 1 . . . 1 1 3 Failed 54 | . 1 . 1 2 . . 2 7 8 7 1 12 . 6 . 4 . . . 2 1 Catastrophic 14 | . . . 1 . . . 1 2 1 2 . 2 . 3 . 1 . . . 1 . Database Lockouts . | . . . . . . . . . . . . . . . . . . . . . . Manual 49 | . . . 2 . 1 . . 11 11 7 . 16 . . . . . . . . 1 Terminals 76 | . 2 . 2 3 . . 3 11 13 7 2 15 . 9 . 4 . . . 3 2 Fabricators 16 | . . . . . . . . . . . . 16 . . . . . . . . . Repair Stations . | . . . . . . . . . . . . . . . . . . . . . . Recycling Units 7 | . . . 1 . . . . . 4 . . . . . . . . . . . 2 Scanalyzers . | . . . . . . . . . . . . . . . . . . . . . . Garrison Access 7 | . . . . . . . . 1 . 3 . . 1 . 1 . . . 1 . . Terminal Hacks 20 | . 1 1 1 1 1 . 1 2 5 . 1 1 . 3 . . . . . 1 1 Robot Schematic 1 | . . . . . . . . . . . . 1 . . . . . . . . . Prototype ID Bank 3 | . 1 . . . . . . . 2 . . . . . . . . . . . . Open Door 3 | . . 1 . . . . . 1 . . . . . 1 . . . . . . . Branch Access Points 4 | . . . 1 . . . 1 1 1 . . . . . . . . . . . . Emergency Access Points 3 | . . . . . . . . . . . 1 . . 1 . . . . . 1 . Alert Level 1 | . . . . . . . . . . . . . . . . . . . . . 1 Unreport Threat 1 | . . . . . . . . . 1 . . . . . . . . . . . . Hauler Manifests 1 | . . . . . . . . . 1 . . . . . . . . . . . . Zone Layout 1 | . . . . 1 . . . . . . . . . . . . . . . . . Garrison Registry 1 | . . . . . . . . . . . . . . 1 . . . . . . . Derelict Proto ID Bank 1 | . . . . . 1 . . . . . . . . . . . . . . . . Fabricator Hacks 14 | . . . . . . . . . . . . 14 . . . . . . . . . Load Schematic 7 | . . . . . . . . . . . . 7 . . . . . . . . . Build 7 | . . . . . . . . . . . . 7 . . . . . . . . . Repair Station Hacks . | . . . . . . . . . . . . . . . . . . . . . . Recycling Unit Hacks 3 | . . . 1 . . . . . . . . . . . . . . . . . 2 Report Inventory 1 | . . . . . . . . . . . . . . . . . . . . . 1 Retrieve Components 2 | . . . 1 . . . . . . . . . . . . . . . . . 1 Scanalyzer . | . . . . . . . . . . . . . . . . . . . . . . Garrison Access Hacks 5 | . . . . . . . . 1 . 1 . . 1 . 1 . . . 1 . . Unlock Access 4 | . . . . . . . . . . 1 . . 1 . 1 . . . 1 . . Seal Access 1 | . . . . . . . . 1 . . . . . . . . . . . . . Unauthorized Hacks 12 | . . . . . . . . 2 4 2 . 4 . . . . . . . . . Terminals 10 | . . . . . . . . 2 2 2 . 4 . . . . . . . . . Botnet 10 | . . . . . . . . 2 2 2 . 4 . . . . . . . . . Fabricators . | . . . . . . . . . . . . . . . . . . . . . . Repair Stations . | . . . . . . . . . . . . . . . . . . . . . . Recycling Units 2 | . . . . . . . . . 2 . . . . . . . . . . . . Tunnel 2 | . . . . . . . . . 2 . . . . . . . . . . . . Scanalyzers . | . . . . . . . . . . . . . . . . . . . . . . Garrison Access . | . . . . . . . . . . . . . . . . . . . . . . Data Cores Recovered 1 | . . . . . . . . . . 1 . . . . . . . . . . . Used 1 | . . . . . . . . . . 1 . . . . . . . . . . . Hacking Detections 33 | . 1 . 2 . . . 1 4 5 5 1 6 . 2 1 2 . . 1 1 1 Full Trace Events 4 | . . . . . . . 1 . . 1 . . . 2 . . . . . . . Feedback Events . | . . . . . . . . . . . . . . . . . . . . . . Feedback Blocked . | . . . . . . . . . . . . . . . . . . . . . . Robot Schematics Acquired 1 | . . . . . . . . . . . . 1 . . . . . . . . . Robots Built 14 | . . . . . . . . . . . . 14 . . . . . . . . . Authchips 7 | . . . . . . . . . . . . 7 . . . . . . . . . Time 343 | . . . . . . . . . . . . 343 . . . . . . . . . Total Robot Build Rating 28 | . . . . . . . . . . . . 28 . . . . . . . . . Part Schematics Acquired . | . . . . . . . . . . . . . . . . . . . . . . Parts Built . | . . . . . . . . . . . . . . . . . . . . . . Authchips . | . . . . . . . . . . . . . . . . . . . . . . Time . | . . . . . . . . . . . . . . . . . . . . . . Total Part Build Rating . | . . . . . . . . . . . . . . . . . . . . . . Parts Repaired . | . . . . . . . . . . . . . . . . . . . . . . Time . | . . . . . . . . . . . . . . . . . . . . . . Parts Recycled . | . . . . . . . . . . . . . . . . . . . . . . Recycled Matter . | . . . . . . . . . . . . . . . . . . . . . . Retrieved Matter . | . . . . . . . . . . . . . . . . . . . . . . Retrieved Components 12 | . . . 10 . . . . . . . . . . . . . . . . . 2 Parts Scanalyzed . | . . . . . . . . . . . . . . . . . . . . . . Part Schematics Acquired . | . . . . . . . . . . . . . . . . . . . . . . Parts Damaged . | . . . . . . . . . . . . . . . . . . . . . . Bothacking | -11 -10 -10 -9 -9 -9 -8 -8 -8 -8 -6 -6 -6 -5 -5 -5 -5 -4 -4 -4 -4 -4 ------------ Run | Yrd Mat Min Mat Min Exi Min Mat Sto Rec Fac Gar Fac Fac Gar Fac Gar Fac Was Fac Gar Fac Used RIF Installer 4 | . . . . . . . . . . . 1 . . 1 . 1 . . . 1 . Hotswap 1 | . . . . . . . . . . . . . . 1 . . . . . . . Robot Detection 1 | . . . . . . . . . . . . . . . . 1 . . . . . Patrol Navigation 1 | . . . . . . . . . . . . . . . . . . . . 1 . Robots Hacked 9 | . . . . . . . . . . . . 1 . 5 . . . . . 3 . Non-combat . | . . . . . . . . . . . . . . . . . . . . . . Combat 9 | . . . . . . . . . . . . 1 . 5 . . . . . 3 . Robot Hacks Applied 11 | . . . . . . . . . . . . 1 . 5 . . . . . 5 . parse_system 3 | . . . . . . . . . . . . . . 1 . . . . . 2 . streamctrl_high 1 | . . . . . . . . . . . . . . . . . . . . 1 . formatsys_high 7 | . . . . . . . . . . . . 1 . 4 . . . . . 2 . Relay Couplers Released 40 | . . . . . . . . . . . 5 . . 17 . 10 . . . 8 . Machine Destruction 36 | . . . . . . . . . . . 5 . . 17 . 10 . . . 4 . Programmers 4 | . . . . . . . . . . . . . . . . . . . . 4 . Attached 7 | . . . . . . . . . . . . 1 . 3 . . . . . 1 2 Fabnet Peak Effective % . | . . . . . . . . . . . . . . . . . . . . . . Robots Rewired 30 | . . . . . . . . . 15 . 9 . . 6 . . . . . . . Allies Hacked 3 | . . . . . . . . . . . . 1 . . . . . . 1 1 . Hacks Repelled . | . . . . . . . . . . . . . . . . . . . . . . Allies | -11 -10 -10 -9 -9 -9 -8 -8 -8 -8 -6 -6 -6 -5 -5 -5 -5 -4 -4 -4 -4 -4 -------- Run | Yrd Mat Min Mat Min Exi Min Mat Sto Rec Fac Gar Fac Fac Gar Fac Gar Fac Was Fac Gar Fac Total Allies 73 | . . . . . . . . . 15 . 11 15 . 10 . . . 20 . 2 . Largest Group 19 | . . . . . . . . . 14 13 6 8 7 4 4 4 . 19 19 2 . Highest-Rated Group 684 | . . . . . . . . . 224 214 262 199 121 158 158 158 . 684 684 94 . Highest-Rated Ally 95 | . . . . . . . . . 27 27 95 40 32 49 49 49 . 50 50 47 . Total Orders 4 | . . . 2 . . . . . . . . . . . . . . . . 2 . FOLLOW 1 | . . . . . . . . . . . . . . . . . . . . 1 . AID 1 | . . . . . . . . . . . . . . . . . . . . 1 . EXPLORE 2 | . . . 2 . . . . . . . . . . . . . . . . . . Ally Attacks 346 | . . . . . . . . . 15 6 65 48 22 43 . 30 . 44 66 7 . Total Damage 9625 | . . . . . . . . . 176 77 1645 1066 492 1268 . 1211 . 959 2521 210 . Kills 71 | . . . . . . . . . 3 . 19 12 3 7 . 7 . 3 16 1 . Allies Corrupted 2 | . . . . . . . . . . . . . . . . . . . 1 1 . Allies Melted 2 | . . . . . . . . . . . . . 1 . . 1 . . . . . Intel | -11 -10 -10 -9 -9 -9 -8 -8 -8 -8 -6 -6 -6 -5 -5 -5 -5 -4 -4 -4 -4 -4 ------- Run | Yrd Mat Min Mat Min Exi Min Mat Sto Rec Fac Gar Fac Fac Gar Fac Gar Fac Was Fac Gar Fac Robot Analysis Total . | . . . . . . . . . . . . . . . . . . . . . . Derelict Logs Recovered 2 | . . 1 . 1 . . . . . . . . . . . . . . . . . Drone Launches 16 | . . . 16 . . . . . . . . . . . . . . . . . . Drone Recoveries . | . . . . . . . . . . . . . . . . . . . . . . Exploration | -11 -10 -10 -9 -9 -9 -8 -8 -8 -8 -6 -6 -6 -5 -5 -5 -5 -4 -4 -4 -4 -4 ------------- Run | Yrd Mat Min Mat Min Exi Min Mat Sto Rec Fac Gar Fac Fac Gar Fac Gar Fac Was Fac Gar Fac Turns Passed 20533 | . 444 343 587 469 381 1024 1159 1182 1983 1123 1960 2402 782 2492 67 1780 92 698 558 726 281 Spaces Moved 9340 | 1 211 180 215 290 233 414 333 348 724 716 1112 882 318 1088 44 901 45 320 338 285 342 Core 8 | . . . . . . . . . 8 . . . . . . . . . . . . Treads 3713 | . 152 180 215 290 233 411 2 211 351 356 . . . 319 . 329 . 274 241 149 . Legs 4661 | 1 59 . . . . 3 331 137 365 98 1112 882 318 654 44 566 45 46 . . . Wheels . | . . . . . . . . . . . . . . . . . . . . . . Hover 781 | . . . . . . . . . . 262 . . . 115 . . . . 97 136 171 Flight 177 | . . . . . . . . . . . . . . . . 6 . . . . 171 Fastest Speed 40 | 120 120 160 160 160 160 240 160 240 113 53 83 178 178 119 151 118 205 205 70 103 40 Average Speed 170 | 120 148 160 188 160 160 240 210 249 188 109 146 216 220 177 151 154 205 206 103 128 68 Slowest Speed 600 | 120 160 160 240 160 160 260 265 265 600 215 205 244 275 275 151 205 205 298 205 160 103 Overloaded Moves . | . . . . . . . . . . . . . . . . . . . . . . Propulsion Burnouts . | . . . . . . . . . . . . . . . . . . . . . . Robots Hopped 6 | . . . . . . . . . . . . . . . . . . . . . 6 Cave-ins Triggered . | . . . . . . . . . . . . . . . . . . . . . . Exploration Rate (%) 43 | 2 32 21 47 73 60 95 20 52 98 22 78 24 6 85 1 77 2 96 9 47 8 Regions Visited 21 Branch Regions 6 Pre-discovered Areas 3 | . . 1 . . . . . . 2 . . . . . . . . . . . . Known Exits Taken 7 | . . . 1 . . . 1 1 . 1 . . 1 . 1 . . . 1 . . Unknown Exits Taken 8 | 1 1 1 . 1 1 1 . . 1 . . 1 . . . . . . . . . Scrap Searched 5 | . . 2 . 2 . 1 . . . . . . . . . . . . . . . Spaces Dug 15 | . . . . . . . 9 2 . . . . . . . 3 . . 1 . . Terrain Destroyed 401 | . . . . . . . 12 48 2 29 191 24 . 2 . 17 . 1 72 3 . Melee . | . . . . . . . . . . . . . . . . . . . . . . Projectile 43 | . . . . . . . 3 6 2 3 . 1 . 2 . 17 . 1 5 3 . AOE 357 | . . . . . . . 9 42 . 26 191 22 . . . . . . 67 . . Terrain Rammed 1 | . . . . . . . . . . . . . . . . . . . . 1 . Walls Destroyed . | . . . . . . . . . . . . . . . . . . . . . . Machines Disabled . | . . . . . . . . . . . . . . . . . . . . . . Actions | -11 -10 -10 -9 -9 -9 -8 -8 -8 -8 -6 -6 -6 -5 -5 -5 -5 -4 -4 -4 -4 -4 --------- Run | Yrd Mat Min Mat Min Exi Min Mat Sto Rec Fac Gar Fac Fac Gar Fac Gar Fac Was Fac Gar Fac Total 12794 | . 271 217 325 296 245 426 677 590 1326 953 1362 1320 374 1452 44 1088 46 330 478 592 382 Wait 2127 | . 8 23 50 5 . 2 253 166 424 154 63 384 26 122 . 91 . 1 112 223 20 Move 9310 | . 210 179 214 289 232 413 332 347 723 715 1111 881 317 1087 44 900 45 319 338 284 330 Hop 6 | . . . . . . . . . . . . . . . . . . . . . 6 Pick Up 88 | . 8 2 7 1 2 1 4 9 5 7 8 2 4 13 . 3 . . . 8 4 Fast Attach 62 | . 2 . 5 . . 1 7 7 1 7 1 6 4 1 . 3 1 . 1 6 9 Attach 59 | . 1 . 6 . 3 1 9 3 3 4 2 11 1 6 . 1 . . 4 2 2 Detach 26 | . 1 . 3 . 2 . 2 3 6 1 . . 1 4 . 1 . . . . 2 Swap 40 | . 3 2 1 . . . 13 10 . 4 . 1 . 4 . 2 . . . . . Drop 95 | . 3 2 6 1 6 . 7 12 11 10 7 4 1 8 . 6 . . . 2 9 Fire 562 | . 10 9 33 . . 8 50 33 11 51 41 29 20 107 . 81 . 10 23 46 . Melee . | . . . . . . . . . . . . . . . . . . . . . . Ram 19 | . . . . . . . . . . . . . . . . . . . . 19 . Kick 1 | . . . . . . . . . . . 1 . . . . . . . . . . Crush . | . . . . . . . . . . . . . . . . . . . . . . Escape Stasis 62 | . . . . . . . . . . . 31 . . 31 . . . . . . . Rewire 312 | . . . . . . . . . 142 . 97 2 . 69 . . . . . 2 . Trap . | . . . . . . . . . . . . . . . . . . . . . . Miscellaneous 25 | . 25 . . . . . . . . . . . . . . . . . . . . Route ------- -11/Scrapyard -10/Materials -10/Mines -9/Materials (discovered 3 exits: *Mat / *Min x2) -9/Mines (discovered 2 exits: Mat / *Exi) -9/Exiles -8/Mines (discovered 2 exits: *Mat x2) -8/Materials (discovered 3 exits: Fac / *Sto x2) -8/Storage -8/Recycling -6/Factory -6/Garrison (discovered 4 exits: *Fac x4) -6/Factory (discovered 2 exits: *Fac / [*Low]) -5/Factory -5/Garrison (discovered 3 exits: *Fac x3) -5/Factory -5/Garrison (discovered 3 exits: [*Fac x3]) -4/Factory -4/Waste -4/Factory -4/Garrison -4/Factory History --------- Turn | Location | Event 1 | -11/Scrapyard | Discovered new exit (range 0) 1 | -11/Scrapyard | Entered Materials 308 | -10/Materials | Build established: Mutant 395 | -10/Materials | Discovered new exit (range 16) 445 | -10/Materials | Entered Mines 502 | -10/Mines | Excavation squad dispatched 502 | -10/Mines | A large section of the Mines collapsed 723 | -10/Mines | Discovered new exit (range 16) 763 | -10/Mines | Found the Drone Emporium 770 | -10/Mines | Learned location of Mines (-9) 774 | -10/Mines | Found Prototype Device 788 | -10/Mines | Entered Materials 788 | -9/Materials | Evolved 2 slots: Utility x1, Weapon x1 789 | -9/Materials | Identified Decoy Drone Bay 824 | -9/Materials | Discovered new exit (range 72) 843 | -9/Materials | Identified exit to Mines 1204 | -9/Materials | Build established: Gunner 1217 | -9/Materials | System corruption reached 10% 1247 | -9/Materials | Lost 3 parts (1p1n1w) 1375 | -9/Materials | Entered Mines 1376 | -9/Mines | Assembled infested the area 1644 | -9/Mines | Learned 2 Materials zone layouts 1662 | -9/Mines | Found a damaged Exp. Sensor Array with a note attached 1667 | -9/Mines | Found Prototype Device 1819 | -9/Mines | Discovered new exit (range 14) 1819 | -9/Mines | Discovered new exit (range 17) 1844 | -9/Mines | Entered Exiles 1892 | -9/Exiles | Met 8R-AWN 1919 | -9/Exiles | Met EX-HEX 1961 | -9/Exiles | Met EX-BIN 1983 | -9/Exiles | Aligned with FarCom system 1985 | -9/Exiles | Given EX-Vault access code 2023 | -9/Exiles | Opened EX-Vault 2035 | -9/Exiles | Found YOLO Cannon 2079 | -9/Exiles | Warned to stay clear of 0b10 Research branches 2126 | -9/Exiles | Met EX-DEC 2170 | -9/Exiles | Build established: Mutant 2201 | -9/Exiles | Discovered new exit (range 14) 2225 | -9/Exiles | Left Exiles lab with YOLO Cannon 2225 | -9/Exiles | Entered Mines 2345 | -8/Mines | Discovered new exit (range 10) 2522 | -8/Mines | Build established: Skirmisher 3155 | -8/Mines | Discovered new exit (range 14) 3249 | -8/Mines | Entered Materials 3249 | -8/Materials | Evolved 2 slots: Utility x2 3249 | -8/Materials | Identified Exp. Sensor Array 3250 | -8/Materials | Identified exit to Factory 3287 | -8/Materials | Identified exit to Storage 3720 | -8/Materials | Build established: Scavenger-Skirmisher 3936 | -8/Materials | Lost 7 parts (1p2n2u2w) 4408 | -8/Materials | Entered Storage 4410 | -8/Storage | Build established: Scavenger-Tank 4717 | -8/Storage | Garrison activated, responded to threat 5099 | -8/Storage | Identified exit to Recycling 5578 | -8/Storage | Used back door to open Recycling access 5590 | -8/Storage | Entered Recycling 5591 | -8/Recycling | Found Scrap Engine 5888 | -8/Recycling | Build established: Mutant 6597 | -8/Recycling | Build established: Commander-Skirmisher 7239 | -8/Recycling | Discovered new exit (range 16) 7573 | -8/Recycling | Entered Factory 7573 | -6/Factory | Accompanied by 13 allies 7573 | -6/Factory | Evolved 4 slots: Power x1, Propulsion x2, Utility x1 7844 | -6/Factory | Garrison activated, responded to threat 7891 | -6/Factory | Lost 13 allies 8096 | -6/Factory | Lost 3 parts (1p2u) 8397 | -6/Factory | Build established: Construct 8628 | -6/Factory | Garrison activated, responded to threat 8692 | -6/Factory | Identified exit to Garrison 8696 | -6/Factory | Entered Garrison 8728 | -6/Garrison | Triggered checkpoint 8818 | -6/Garrison | Triggered checkpoint 8858 | -6/Garrison | Triggered checkpoint 8878 | -6/Garrison | Found embedded Infiltrators 8903 | -6/Garrison | Lost 3 parts (2p1n) 8910 | -6/Garrison | Discovered new exit (range 12) 8916 | -6/Garrison | Triggered checkpoint 8943 | -6/Garrison | Discovered new exit (range 6) 9178 | -6/Garrison | Triggered checkpoint 9270 | -6/Garrison | Triggered checkpoint 9326 | -6/Garrison | Installed Relay Interface Framework 9350 | -6/Garrison | Garrison Relay disabled 9438 | -6/Garrison | Discovered new exit (range 14) 9924 | -6/Garrison | Discovered new exit (range 14) 10125 | -6/Garrison | Triggered checkpoint 10164 | -6/Garrison | Build established: Commander-Construct 10416 | -6/Garrison | Triggered checkpoint 10656 | -6/Garrison | Entered Factory 10656 | -6/Factory | Accompanied by 5 allies 10757 | -6/Factory | Lost 4 allies 10964 | -6/Factory | Discovered new exit (range 4) 11019 | -6/Factory | Build established: Construct 11161 | -6/Factory | Core integrity fell below 50% 11232 | -6/Factory | Garrison activated, responded to threat 11706 | -6/Factory | First assault squad dispatched 12029 | -6/Factory | Fabricated Y-45 Defender (x2) 12079 | -6/Factory | Fabricated Y-45 Defender (x2) 12128 | -6/Factory | Fabricated Y-45 Defender (x2) 12177 | -6/Factory | Fabricated Y-45 Defender (x2) 12220 | -6/Factory | Lost 6 allies 12293 | -6/Factory | Fabricated Y-45 Defender (x2) 12352 | -6/Factory | Fabricated Y-45 Defender (x2) 12401 | -6/Factory | Fabricated Y-45 Defender (x2) 12442 | -6/Factory | P-60 Hacker assimilated allied Defender 5f 12589 | -6/Factory | Build established: Commander-Construct 12770 | -6/Factory | Discovered new exit (range 8) 13058 | -6/Factory | Entered another Factory area 13058 | -5/Factory | Accompanied by 7 allies 13058 | -5/Factory | Evolved 2 slots: Utility x2 13247 | -5/Factory | Lost 7 allies 13491 | -5/Factory | Build established: Construct 13837 | -5/Factory | Identified exit to Garrison 13840 | -5/Factory | Entered Garrison 13995 | -5/Garrison | Triggered checkpoint 14210 | -5/Garrison | Garrison Relay disabled 14283 | -5/Garrison | Heavy support dispatched to Factory 14348 | -5/Garrison | Triggered checkpoint 14351 | -5/Garrison | Spotted B-75 Beast 14374 | -5/Garrison | Triggered checkpoint 14557 | -5/Garrison | Destroyed B-75 Beast 14762 | -5/Garrison | Triggered checkpoint 14830 | -5/Garrison | Discovered new exit (range 11) 14869 | -5/Garrison | H-XX Assembler disabled 15018 | -5/Garrison | Triggered checkpoint 15076 | -5/Garrison | Garrison Relay disabled 15184 | -5/Garrison | Lost 3 allies 15424 | -5/Garrison | Discovered new exit (range 12) 15437 | -5/Garrison | Discovered new exit (range 40) 15437 | -5/Garrison | Discovered new exit (range 16) 15437 | -5/Garrison | Discovered new exit (range 41) 15540 | -5/Garrison | Garrison Relay disabled 15866 | -5/Garrison | Triggered checkpoint 15936 | -5/Garrison | Garrison Relay disabled 15962 | -5/Garrison | Lost 3 allies 16045 | -5/Garrison | Expanded RIF knowledge: Hotswap 16332 | -5/Garrison | Entered Factory 16332 | -5/Factory | Accompanied by 4 allies 16395 | -5/Factory | Build established: Bothacker-Construct 16399 | -5/Factory | Identified exit to Garrison 16399 | -5/Factory | Entered Garrison 16399 | -5/Garrison | Accompanied by 4 allies 16427 | -5/Garrison | Expanded RIF knowledge: Robot Detection 16510 | -5/Garrison | Triggered checkpoint 16541 | -5/Garrison | Garrison Relay disabled 16638 | -5/Garrison | Spotted B-75 Beast 16671 | -5/Garrison | Allies destroyed B-75 Beast 16710 | -5/Garrison | Lost 3 allies 16752 | -5/Garrison | Triggered checkpoint 16786 | -5/Garrison | Triggered checkpoint 16895 | -5/Garrison | Discovered new exit (range 10) 16957 | -5/Garrison | Garrison Relay disabled 17030 | -5/Garrison | Triggered checkpoint 17178 | -5/Garrison | Triggered checkpoint 17257 | -5/Garrison | Discovered new exit (range 15) 17401 | -5/Garrison | Core integrity fell below 50% 17568 | -5/Garrison | Triggered checkpoint 17634 | -5/Garrison | Discovered new exit (range 11) 17692 | -5/Garrison | Triggered checkpoint 17780 | -5/Garrison | Garrison Relay disabled 18179 | -5/Garrison | Entered Factory 18179 | -4/Factory | Evolved 2 slots: Utility x1, Weapon x1 18271 | -4/Factory | Sucked down chute 18271 | -4/Factory | Entered Waste 18272 | -4/Waste | Met a frightened Derelict 18286 | -4/Waste | Spotted C-40 Crusher 18300 | -4/Waste | Spotted C-40 Crusher 18303 | -4/Waste | Destroyed C-40 Crusher 18305 | -4/Waste | Spotted C-40 Crusher 18306 | -4/Waste | Spotted C-40 Crusher 18318 | -4/Waste | Destroyed C-40 Crusher 18326 | -4/Waste | Destroyed C-40 Crusher 18395 | -4/Waste | Warlord forces began an assault 18536 | -4/Waste | Spotted C-40 Crusher 18537 | -4/Waste | Allies destroyed C-40 Crusher 18545 | -4/Waste | Spotted C-40 Crusher 18550 | -4/Waste | Allies destroyed C-40 Crusher 18801 | -4/Waste | Discovered new exit (range 16) 18969 | -4/Waste | Entered Factory 18969 | -4/Factory | Accompanied by 19 allies 19244 | -4/Factory | Spotted B-86 Titan 19360 | -4/Factory | Lost 13 allies 19450 | -4/Factory | Lost 4 allies 19452 | -4/Factory | Garrison activated, responded to threat 19486 | -4/Factory | Destroyed 12 combat bots 19502 | -4/Factory | Lost 6 parts (1u5w) 19527 | -4/Factory | Identified exit to Garrison 19527 | -4/Factory | Entered Garrison 19558 | -4/Garrison | Lost 3 parts (2p1u) 19602 | -4/Garrison | Triggered checkpoint 19760 | -4/Garrison | Build established: Bothacker-Mutant 19871 | -4/Garrison | P-80 Master assimilated allied Veteran 7b 19938 | -4/Garrison | Garrison Relay disabled 20034 | -4/Garrison | Triggered checkpoint 20070 | -4/Garrison | Triggered checkpoint 20135 | -4/Garrison | Lost 3 parts (3u) 20178 | -4/Garrison | Core integrity fell below 50% 20222 | -4/Garrison | Lost 8 parts (2n2u4w) 20231 | -4/Garrison | Expanded RIF knowledge: Patrol Navigation 20244 | -4/Garrison | Core integrity fell below 20% 20250 | -4/Garrison | Discovered new exit (range 3) 20253 | -4/Garrison | Entered Factory 20486 | -4/Factory | Build established: Mutant 20534 | -4/Factory | Destroyed by H-71 Marshal with Heavy Mass Driver Last Messages --------------- 20465_ Acquired Adv. Heat Sink. 20466_ R-10 Processor collects Lrg. Matter Pod. 20482_ O-24 Administrator: "IFF HANDSHAKE FAILED. SECURING TERMINAL." 20483_ ALERT: All DSF locations entering lockdown mode. 20486_ O-24 Administrator uses terminal to summon reinforcements. 20486_ ALERT: Hostiles spotted, dispatching reinforcements to Terminal F017. 20486_ O-24 Administrator locks terminal. 20503_ ALERT: Rogue bot located, Programmers report to Factory Zone 7E. 20508_ System corrupted: Heat flow error (+164). 20521_ Acquired Unknown Energy Cannon. 20521_ Identified Hvy. Disruptor Cannon. 20523_ Dropped Hvy. Disruptor Cannon. 20526_ Knocked back. 20532_ Penetrated by Slug. 20532_ Imp. Shield Generator destroyed. Map ----- +----------------------------------------------------+ | ?????????????????????????????????????????????????? | | ?????????????????????????????????????????????????? | | ????????????????????????############?????????????? | | ?????????????????????? #?????????????? | | ?????????????????????? ###???????????? | | ????????????????????? ???????????? | | ?????????????????????? ????????????? | | ???????????????????????? ?????????????? | | ????????????????????????? #?????????????? | | ?????????????????????????? #?????????????? | | ???????????????????????????# ############### | | ?????????????+############## # | | ????????????# # w#] """ "" | | ????????????# # # """"" """" | | ????????????# ! ] # # ! """"" """" | | ????????????# # %# | | ????????????# / + """ "" | | ????????????# ! # # """"" """" | | ??????????????############## # """"" """" | | ??????????????????? =## % # | | ???????????????????? #" ############### | | ????????????????????"""" # #????????????? | | ??????????????????? """" # #####????????? | | ??????????????????? """" # ??????? | | ??????????????????" """" # ??????? | | ??????????????????" """" @/ H ??????? | | ??????????????????" """" # ??????? | | ????????????????? % # t ???????? | | ???????????????? # ######???????? | | ??????????????? # #????????????? | | ??????????????? ### ###????????????? | | ??????????????###+#########?? #??????????????? | | ????????????????????????????? #??????????????? | | ????????????????????????????? #??????????????? | | ????????????????????????????? #??????????????? | | ????????????????????????????? #??????????????? | | ????????????????????????????? #??????????????? | | ??????????????????????????????#####??????????????? | | ?????????????????????????????????????????????????? | | ?????????????????????????????????????????????????? | | ?????????????????????????????????????????????????? | | ?????????????????????????????????????????????????? | | ?????????????????????????????????????????????????? | | ?????????????????????????????????????????????????? | | ?????????????????????????????????????????????????? | | ?????????????????????????????????????????????????? | | ?????????????????????????????????????????????????? | | ?????????????????????????????????????????????????? | | ?????????????????????????????????????????????????? | | ?????????????????????????????????????????????????? | +----------------------------------------------------+ Best States ------------- Heat Dissipation 81 Energy Generation 41 Energy Capacity 796 Matter Stores 300 Matter Capacity 300 Sight Range 22 Robot Scan Range 20 Terrain Scan Density 10 Armor Coverage 525 Resistance: KI 25 Resistance: TH 25 Resistance: EM 25 Weapon Shielding 66 Weapon Cycling 15 Evasion (%) 62 Targeting Accuracy 12 Target Analysis 11 Armor Integrity Analysis 30 Recoil Reduction 4 Matter Filtering 30 Defensive Hacking 12 Relay Coupler Types 1 Relay Coupler Value 77 Authchip Count 7 Item Schematics ----------------- None Robot Schematics ------------------ Y-45 Defender | -6/Factory | Hacked Fabricated ------------ Y-45 Defender | x2 | -6/Factory | Authchip Y-45 Defender | x2 | -6/Factory | Authchip Y-45 Defender | x2 | -6/Factory | Authchip Y-45 Defender | x2 | -6/Factory | Authchip Y-45 Defender | x2 | -6/Factory | Authchip Y-45 Defender | x2 | -6/Factory | Authchip Y-45 Defender | x2 | -6/Factory | Authchip Alien Tech Used ----------------- None Achievements -------------- Can't Touch This Challenges ------------ None Game ------ Seed FocalReflectiveEdition Manual? 0 Play Time 02:48:42 Cumulative 153.0 hours Start 2024.03.10 @ 23:56:11 End 2024.03.11 @ 23:37:08 Sessions 2 Manual Loads 0 Difficulty Rogue Special Mode None Game No. 164 Rogue 164 Adventurer 0 Explorer 0 Win Type - Total 0 Types 0/0/0/0/0/0/0/0/0 Lore% 52 Gallery% 69 Achievement% 55 Wizard Run 0 Options --------- Layout 1 ASCII 0 Keyboard 0 Movement Numpad Keybinds 0 Fullscreen 1 Font 24/Smallcaps Map View 50x35 Zoom Use 0% Tactical HUD 1 Map Filters NONE Filters NONE Steam 1 RUN: edca54d1-e092-4b97-82b8-50a6123c30af